 Dungeon Crawl Stone Soup version 0.23-a0-454-gae4fabde77 (webtiles) character file.

232 Hercules1031 the Ducker (level 5, -3/29 HPs)
             Began as a Spriggan Monk on Nov 24, 2018.
             Slain by a centaur skeleton (5 damage)
             ... on level 4 of the Dungeon.
             The game lasted 00:09:22 (2998 turns).

Hercules1031 the Ducker (Spriggan Monk)             Turns: 2998, Time: 00:09:23

Health: -3/29      AC:  3    Str:  7      XL:     5   Next: 73%
Magic:  6/6        EV: 21    Int: 11      God:
Gold:   168        SH:  0    Dex: 17 (20) Spells: 4/4 levels left

rFire    . . .     SeeInvis +   h - +7 short sword
rCold    . . .     Gourm    .   (shield restricted)
rNeg     . . .     Faith    .   b - +1 robe
rPois    .         Spirit   .   (helmet restricted)
rElec    .         Reflect  .   (no cloak)
rCorr    .         Harm     .   (gloves unavailable)
MR       .....                  (boots unavailable)
Stlth    +++.......             (no amulet)
HPRegen  0.09/turn              (no ring)
MPRegen  0.10/turn              (no ring)

@: drained, very quick
A: very small, unfitting armour, see invisible, herbivore, speed 3, slow
metabolism 2
a: no special abilities


You were on level 4 of the Dungeon.
You were not hungry.

You visited 1 branch of the dungeon, and saw 4 of its levels.

You collected 168 gold pieces.

Inventory:

Hand Weapons
 a - a +0 short sword
 h - a +7 short sword (weapon)
Armour
 b - a +1 robe (worn)
Scrolls
 e - 3 scrolls of remove curse
 g - 2 scrolls of identify
 i - 3 scrolls of enchant weapon
Potions
 f - a potion of mutation {unknown}
 l - a potion of brilliance {unknown}
Comestibles
 c - 8 rations


   Skills:
 * Level 3.8 Fighting
 + Level 4.3(4.2) Short Blades
 + Level 5.7(5.6) Dodging
 + Level 5.0(4.9) Stealth


You had 4 spell levels left.
You didn't know any spells.
Your spell library was empty.

Dungeon Overview and Level Annotations

Branches:
Dungeon (4/15)
 Temple: D:4-7

Altars:
Vehumet


Innate Abilities, Weirdness & Mutations

You are very small and have problems with some larger weapons.
You are too small for most types of armour.
You have supernaturally acute eyesight. (SInv)
You are a herbivore.
You cover ground extremely quickly.
You need to consume almost no food.


Message History

You hit the worker ant but do no damage.
The worker ant is heavily wounded.
The worker ant bites you. The worker ant misses you.
You hit the worker ant.
The worker ant is heavily wounded.
The worker ant bites you!
* * * LOW HITPOINT WARNING * * *
You see here a hound corpse.
You start resting.
The worker ant completely misses you.
Found a scroll of identify and a curved gold wand.
A centaur skeleton comes into view.
Found 12 stones.
A bullfrog comes into view.
Found a ration.
The centaur skeleton hits you.
* * * LOW HITPOINT WARNING * * *
The bullfrog gives a loud, deep croak!
The centaur skeleton hits you.
You die...

......##
####..#
†#.....### #..#
.###.....##
#..#
.#####....##
#..#
...####....###
#..#
....#####....##
#<.# .....#
###...### #..#
a....##
###....### #.)#
......#
#..?.aF@.##
#..# .....##
#..../Z...#
#..# .....#
#......#....#
#..# ....##
##.....###.%.#
#... ...##
##....# #....#
.... ...#
###..# ##...
..## ##.# ##
#.# ### ## #.#
###.##


You could see a bullfrog, a worker ant and a centaur skeleton.

Vanquished Creatures
  A hound (D:4)
  An orc wizard (D:4)
  5 gnolls
  3 adders
  A worm (D:2)
  A dart slug (D:3)
  2 leopard geckos
  8 orcs
  3 bats
  5 giant cockroaches
  11 goblins
  6 hobgoblins
  11 jackals
  A quokka (D:2)
  5 frilled lizards
  8 kobolds
  9 rats
  A plant (D:1)
82 creatures vanquished.

Vanquished Creatures (others)
  An orc (D:3)
  A hobgoblin (D:3)
  A jackal (D:3)
3 creatures vanquished.

Grand Total: 85 creatures vanquished

Notes
Turn   | Place    | Note
-------+----------+-------------------------------------------
     0 | D:1      | Hercules1031 the Spriggan Monk began the quest for the Orb.
     0 | D:1      | Reached XP level 1. HP: 11/11 MP: 2/2
    76 | D:1      | Reached XP level 2. HP: 9/16 MP: 3/3
   613 | D:1      | Reached XP level 3. HP: 18/19 MP: 4/4
  1067 | D:1      | Reached skill level 5 in Dodging
  1310 | D:2      | Reached XP level 4. HP: 24/24 MP: 5/5
  2231 | D:3      | Reached XP level 5. HP: 28/28 MP: 6/6
  2380 | D:3      | Found a radiant altar of Vehumet.
  2894 | D:4      | Reached skill level 5 in Stealth
  2994 | D:4      | HP: 1/29 [centaur skeleton (6)]
  2998 | D:4      | Slain by a centaur skeleton

Vault maps used:
D:1:      nzn_arrival_water_spiral, serial_bayou_lagoon_a
D:3:      fiery_altar_vehumet
D:4:      marbit_many_paths, gammafunk_temple_overflow_wave, serial_shops, shop,
          minmay_circle_x

Skill      XL: |  1  2  3  4  5 |
---------------+----------------+-----
Fighting       | 3 |  3.8
Dodging        | 5 |  5.7
Stealth        | 4 5 |  5.0
Short Blades   | 4 |  4.3

Action                   |  1- 3 |  4- 6 || total
-------------------------+-------+-------++-------
Melee: Short sword       |   138 |   137 ||   275
  Use: Potion            |       |     4 ||     4
       Scroll            |       |     7 ||     7
 Stab: Sleeping          |     4 |     6 ||    10
Armor: Robe              |     4 |    12 ||    16
Dodge: Dodged            |    93 |   138 ||   231

Table legend:
 A = Non-vault XP
 B = Vault XP
 C = Vault XP percentage of total XP
 D = Non-vault monster count
 E = Vault monster count
 F = Vault count percentage of total count
                 A         B        C        D         E       F
            +---------+---------+-------+---------+---------+-------
      Total |     332 |       0 |   0.0 |      81 |       0 |   0.0
            +---------+---------+-------+---------+---------+-------
        D:1 |      60 |       0 |   0.0 |      21 |       0 |   0.0
        D:2 |     116 |       0 |   0.0 |      31 |       0 |   0.0
        D:3 |      69 |       0 |   0.0 |      25 |       0 |   0.0
        D:4 |      87 |       0 |   0.0 |       4 |       0 |   0.0
            +---------+---------+-------+---------+---------+-------
